 Dungeon Crawl Stone Soup version 0.22-a0-91-g23542c2 (webtiles) character file.

240 Uneasesolid2 the Ducker (level 5, -4/53 HPs)
             Began as a Troll Berserker on Jan 19, 2018.
             Was a Follower of Trog.
             Slain by a centaur zombie (7 damage)
             ... on level 7 of the Dungeon on June 4, 2018.
             The game lasted 00:33:06 (1979 turns).

Uneasesolid2 the Ducker (Troll Berserker)           Turns: 1979, Time: 00:33:06

Health: -4/53      AC:  5    Str: 31    XL:     5   Next: 79%
Magic:  4/4        EV: 11    Int:  3    God:    Trog [*.....]
Gold:   57         SH:  0    Dex:  9    Spells: 4/4 levels left

rFire    . . .     SeeInvis .   e - +0 hand axe (elec)
rCold    . . .     Gourm    +   (no shield)
rNeg     . . .     Faith    .   b - +0 animal skin
rPois    .         Spirit   .   (helmet restricted)
rElec    .         Reflect  .   (no cloak)
rCorr    .         Harm     .   (gloves unavailable)
MR       .....     Rnd*Tele +   (boots unavailable)
Stlth    +.........             (no amulet)
HPRegen  0.57/turn              l - ring of teleportation (curse)
MPRegen  0.09/turn              (no ring)

@: mighty, hasted, very quick
A: large, unfitting armour, claws 3, fast metabolism 3, gourmand, regeneration
1, shaggy fur 1, tough skin 2
a: Berserk, Burn Spellbooks, Renounce Religion


You were on level 7 of the Dungeon.
You worshipped Trog.
Trog was aware of your devotion.
You were near starving.

You visited 1 branch of the dungeon, and saw 8 of its levels.

You collected 57 gold pieces.

Inventory:

Hand Weapons
 a - a +0 short sword
 e - a +0 hand axe of electrocution (weapon)
 k - a +0 club
Missiles
 g - 62 stones (quivered)
 i - 16 arrows {your mom}
 j - 14 sling bullets
 o - 15 bolts
Armour
 b - a +0 animal skin (worn)
 q - a +0 cloak
Jewellery
 l - a cursed ring of teleportation (left claw)
Scrolls
 d - a scroll of remove curse {unknown}
Potions
 n - a potion of degeneration {unknown}
 p - a potion of invisibility {unknown}
Comestibles
 c - 2 rations


   Skills:
 * Level 3.5 Fighting
 + Level 3.5 Short Blades
 + Level 1.0 Axes
 + Level 3.6 Dodging
 + Level 0.2 Stealth


You had 4 spell levels left.
You didn't know any spells.

Dungeon Overview and Level Annotations

Branches:
Dungeon (8/15)
 Temple: D:4-7         Lair: D:8-11

Altars:


Innate Abilities, Weirdness & Mutations

You are too large for most types of armour.
You have claws for hands.
Your metabolism is lightning-fast.
You like to eat raw meat.
Your natural rate of healing is unusually fast.
You are covered in fur. (AC +1)
You have very tough skin. (AC +2)


Message History

The centaur zombie hits you. The worker ant barely misses you.
The orc hits you with a flail.
The centaur zombie completely misses you.
The worker ant bites you.
* * * LOW HITPOINT WARNING * * *
It was a potion of curing.
You feel better. The orc barely misses you. The centaur zombie hits you.
The worker ant closely misses you.
It was a potion of might.
You feel very mighty all of a sudden. The centaur zombie closely misses you.
The worker ant barely misses you. The orc barely misses you.
It was a potion of haste.
You feel yourself speed up. The centaur zombie hits you.
* * * LOW HITPOINT WARNING * * *
The worker ant bites you.
* * * LOW HITPOINT WARNING * * *
The orc hits you with a flail.
* * * LOW HITPOINT WARNING * * *
The centaur zombie hits you!
You die...

##### #...#####
########Z..(...#
.......@oo.((>.#
###+####a...#.......#
....o...##.####.#
............<#
.......[..#...#
..........#...#
#)...#....# ..#
#.##.#....# ..#


You could see a worker ant, an orc priest, 2 orcs and a centaur zombie.

Vanquished Creatures
  A phantom (D:6)
  2 hounds
  2 orc priests (D:3)
  An orc (D:3)
  2 giant cockroaches
  5 goblins (D:1)
  A hobgoblin (D:1)
  A quokka (D:3)
  6 bats (D:1)
  3 frilled lizards (D:1)
  7 kobolds (D:1)
  4 rats
  2 bushes (D:6)
37 creatures vanquished.

Notes
Turn   | Place    | Note
-------+----------+-------------------------------------------
     0 | D:1      | Uneasesolid2 the Troll Berserker began the quest for the Orb.
     0 | D:1      | Reached XP level 1. HP: 22/22 MP: 0/0
   260 | D:1      | Reached XP level 2. HP: 29/29 MP: 1/1
   680 | D:1      | Reached ** piety under Trog
  1257 | D:1      | Upgraded the game from 0.22-a0-83-g218e7ff to 0.22-a0-91-g23542c2
  1495 | D:3      | Reached XP level 3. HP: 36/36 MP: 2/2
  1525 | D:3      | Reached XP level 4. HP: 26/45 MP: 3/3
  1609 | D:5      | Entered Level 5 of the Dungeon
  1639 | D:6      | Noticed a phantom
  1657 | D:6      | Killed a phantom
  1657 | D:6      | Reached XP level 5. HP: 47/53 MP: 4/4
  1748 | D:6      | You fall through a shaft for 2 floors!
  1807 | D:8      | Reached skill level 1 in Axes
  1979 | D:7      | Slain by a centaur zombie

Vault maps used:
D:1:      eino_arrival_tree_alley, kennysheep_boxes
D:2:      grunt_qazlal_clouds, first_ration, st_stairs_4
D:3:      minitemple, overflow_temple_1_default
D:4:      minmay_temple_entry_glassed_door, nicolae_dithmenos_shadow_blocks,
          uniq_crazy_yiuf_cottage, uniq_eustachio
D:5:      uniq_prince_ribbit1
D:6:      elyvilon_altar_5, grunt_gozag_breadcrumbs, serial_shops,
          kennysheep_mini, nrook_mini_backslash, minmay_hedge_maze, st_stairs_12
D:7:      kennysheep_mini_moat, hangedman_ru_absence
D:8:      enter_ossuary_2, david_nohive_1, trog_ov_bears_minmay

Skill      XL: |  1  2  3  4  5 |
---------------+----------------+-----
Short Blades   | 3 |  3.5
Dodging        | 3 |  3.6
Fighting       | 3 |  3.5
Axes           | 1 |  1.0
Stealth        | |  0.2

Action                   |  1- 3 |  4- 6 || total
-------------------------+-------+-------++-------
Melee: Short sword       |    76 |       ||    76
       Hand axe          |     9 |    56 ||    65
Throw: Stone             |       |     1 ||     1
Invok: Berserk           |     2 |       ||     2
  Use: Scroll            |     2 |     1 ||     3
       Potion            |       |     3 ||     3
  Eat: Chunk             |     6 |     3 ||     9
       Ration            |     2 |       ||     2
Armor: Animal skin       |    59 |    17 ||    76
Dodge: Dodged            |    77 |    48 ||   125

Table legend:
 A = Spawn XP
 B = Non-spawn XP
 C = Spawn XP percentage of total XP
 D = Spawn monster count
 E = Non-spawn monster count
 F = Spawn count percentage of total count
 G = Total turns spent on level
                    A         B        C        D         E        F      G
               +---------+---------+-------+---------+---------+-------+---------
         Total |       0 |     343 |   0.0 |       0 |      35 |   0.0 |  1979
               +---------+---------+-------+---------+---------+-------+---------
           D:1 |       0 |      37 |   0.0 |       0 |      25 |   0.0 |  1374
           D:2 |       0 |       3 |   0.0 |       0 |       2 |   0.0 |   100
           D:3 |       0 |      88 |   0.0 |       0 |       4 |   0.0 |    70
           D:4 |       0 |      47 |   0.0 |       0 |       2 |   0.0 |    65
           D:6 |       0 |     125 |   0.0 |       0 |       1 |   0.0 |   124
           D:8 |       0 |      43 |   0.0 |       0 |       1 |   0.0 |   218
               +---------+---------+-------+---------+---------+-------+---------
